TOP OF THE 1ST |
Wizarding Express batting - Pitching for New Amsterdam Dutchmen : LHP Walt Coffman
|
Pitching: LHP Walt Coffman
|
|
Batting: RHB António Martínez
|
0-0: Called Strike 0-1: Ball 1-1: Ball 2-1: Called Strike 2-2: Foul Ball, location: 2F 2-2: Foul Ball, location: 2F 2-2: Ball 3-2: Base on Balls
|
Batting: RHB Frank Grimes
|
0-0: Called Strike 0-1: Swinging Strike 0-2: Foul Ball, location: 2F 0-2: Strikes out swinging
|
Batting: LHB José Corona
|
0-0: Called Strike 0-1: Foul Ball, location: 2F 0-2: Strikes out swinging
|
Batting: RHB Ralph Cranford
|
0-0: Ball 1-0: SINGLE (Groundball, 4D) António Martínez to second Runner from 2nd tries for 3rd, SAFE, no throw
|
Batting: RHB Ernesto Souza
|
0-0: Called Strike 0-1: Swinging Strike 0-2: Fly out, F8 (Flyball, 8RS)
|
Top of the 1st over - 0 runs, 1 hit, 0 errors, 2 left on base; Wizarding 0 - New Amsterdam 0 |
BOTTOM OF THE 1ST |
New Amsterdam Dutchmen batting - Pitching for Wizarding Express : RHP Juan Contreras
|
Pitching: RHP Juan Contreras
|
|
Batting: RHB Jon Osterman
|
0-0: Called Strike 0-1: Foul Ball, location: 2F 0-2: Strikes out swinging
|
Batting: RHB John Burton
|
0-0: Foul Ball, location: 2F 0-1: Ball 1-1: Swinging Strike 1-2: Foul Ball, location: 2F 1-2: Ball 2-2: Ground out 1-3 (Groundball, 15S)
|
Batting: LHB SaQwan Hackett
|
0-0: Ball 1-0: Called Strike 1-1: Ground out 6-3 (Groundball, 6)
|
Bottom of the 1st over - 0 runs, 0 hits, 0 errors, 0 left on base; Wizarding 0 - New Amsterdam 0 |
TOP OF THE 2ND |
Wizarding Express batting - Pitching for New Amsterdam Dutchmen : LHP Walt Coffman
|
Batting: LHB Nathan Tanner
|
0-0: Foul Ball, location: 2F 0-1: Fly out, F7 (Line Drive, 7)
|
Batting: SHB Salvador Trevino
|
0-0: Called Strike 0-1: Ball 1-1: Ball 2-1: Ball 3-1: SINGLE (Groundball, 34D)
|
Batting: LHB António Boccanegra
|
0-0: Ball 1-0: Called Strike 1-1: Foul Ball, location: 2F 1-2: Foul Ball, location: 2F 1-2: Strikes out swinging
|
Batting: LHB David Breitling
|
0-0: Ball 1-0: Called Strike 1-1: Foul Ball, location: 2F 1-2: Strikes out swinging
|
Top of the 2nd over - 0 runs, 1 hit, 0 errors, 1 left on base; Wizarding 0 - New Amsterdam 0 |
BOTTOM OF THE 2ND |
New Amsterdam Dutchmen batting - Pitching for Wizarding Express : RHP Juan Contreras
|
Batting: LHB Félix López
|
0-0: Called Strike 0-1: Ball 1-1: Swinging Strike 1-2: Foul Ball, location: 2F 1-2: Strikes out swinging
|
Batting: LHB Jorge Vargas
|
0-0: Ball 1-0: Called Strike 1-1: Fly out, F8 (Line Drive, 8LXD)
|
Batting: RHB Hank Wilder
|
0-0: Ball 1-0: Called Strike 1-1: Ball 2-1: Swinging Strike 2-2: Ball 3-2: Base on Balls
|
Batting: LHB Cornelius Taitt
|
0-0: Ball 1-0: Foul Ball, location: 2F 1-1: SINGLE (Flyball, 8LS) Hank Wilder to second
|
Batting: RHB Mario Rivera
|
0-0: Ball 1-0: Called Strike 1-1: Foul Ball, location: 2F 1-2: SINGLE (Groundball, 56) (infield hit) Hank Wilder to third Cornelius Taitt to second
|
Batting: RHB David Pérez
|
0-0: Called Strike 0-1: Ball 1-1: Called Strike 1-2: Strikes out swinging
|
Bottom of the 2nd over - 0 runs, 2 hits, 0 errors, 3 left on base; Wizarding 0 - New Amsterdam 0 |
TOP OF THE 3RD |
Wizarding Express batting - Pitching for New Amsterdam Dutchmen : LHP Walt Coffman
|
Batting: RHB António Martínez
|
0-0: Ball 1-0: Ball 2-0: Foul Ball, location: 2F 2-1: Ball 3-1: Swinging Strike 3-2: Foul Ball, location: 2F 3-2: Foul Ball, location: 2F 3-2: Foul Ball, location: 2F 3-2: Ground out 5-3 (Groundball, 56)
|
Batting: RHB Frank Grimes
|
0-0: Ball 1-0: Fly out, F8 (Flyball, 8RD)
|
Batting: LHB José Corona
|
0-0: Ball 1-0: Ball 2-0: Ball 3-0: Base on Balls
|
Batting: RHB Ralph Cranford
|
0-0: Ball 1-0: Swinging Strike 1-1: Ball 2-1: Ball 3-1: SINGLE (Groundball, 6MD) José Corona to second Runner from 2nd tries for 3rd, SAFE, no throw
|
Batting: RHB Ernesto Souza
|
0-0: Called Strike 0-1: Ball 1-1: Foul Ball, location: 2F 1-2: Ball 2-2: Foul Ball, location: 2F 2-2: Strikes out swinging
|
Top of the 3rd over - 0 runs, 1 hit, 0 errors, 2 left on base; Wizarding 0 - New Amsterdam 0 |
BOTTOM OF THE 3RD |
New Amsterdam Dutchmen batting - Pitching for Wizarding Express : RHP Juan Contreras
|
Batting: RHB Jon Osterman
|
0-0: Ground out 5-3 (Groundball, 56S)
|
Batting: RHB John Burton
|
0-0: SINGLE (Groundball, 3D)
|
Batting: LHB SaQwan Hackett
|
0-0: Ball 1-0: Fly out, F6 (Line Drive, 6)
|
Batting: LHB Félix López
|
0-0: Ball 1-0: Swinging Strike 1-1: Ball 2-1: Foul Ball, location: 2F 2-2: Ground out 4-3 (Groundball, 34)
|
Bottom of the 3rd over - 0 runs, 1 hit, 0 errors, 1 left on base; Wizarding 0 - New Amsterdam 0 |
TOP OF THE 4TH |
Wizarding Express batting - Pitching for New Amsterdam Dutchmen : LHP Walt Coffman
|
Batting: LHB Nathan Tanner
|
0-0: Ball 1-0: Fly out, F7 (Flyball, 7D)
|
Batting: SHB Salvador Trevino
|
0-0: Ball 1-0: Ball 2-0: Fly out, F8 (Flyball, 8RM)
|
Batting: LHB António Boccanegra
|
0-0: Ball 1-0: Swinging Strike 1-1: Ball 2-1: Foul Ball, location: 2F 2-2: Strikes out swinging
|
Top of the 4th over - 0 runs, 0 hits, 0 errors, 0 left on base; Wizarding 0 - New Amsterdam 0 |
BOTTOM OF THE 4TH |
New Amsterdam Dutchmen batting - Pitching for Wizarding Express : RHP Juan Contreras
|
Batting: LHB Jorge Vargas
|
0-0: Swinging Strike 0-1: Fly out, F7 (Flyball, 78S)
|
Batting: RHB Hank Wilder
|
0-0: Called Strike 0-1: Swinging Strike 0-2: Strikes out swinging
|
Batting: LHB Cornelius Taitt
|
0-0: Ball 1-0: Called Strike 1-1: Called Strike 1-2: Ground out 3-1 (Groundball, 34)
|
Bottom of the 4th over - 0 runs, 0 hits, 0 errors, 0 left on base; Wizarding 0 - New Amsterdam 0 |
TOP OF THE 5TH |
Wizarding Express batting - Pitching for New Amsterdam Dutchmen : LHP Walt Coffman
|
Batting: LHB David Breitling
|
0-0: Ball 1-0: Called Strike 1-1: Foul Ball, location: 2F 1-2: Strikes out swinging
|
Batting: RHB António Martínez
|
0-0: Ball 1-0: Called Strike 1-1: Foul Ball, location: 2F 1-2: Ball 2-2: Strikes out swinging
|
Batting: RHB Frank Grimes
|
0-0: Swinging Strike 0-1: Called Strike 0-2: Strikes out swinging
|
Top of the 5th over - 0 runs, 0 hits, 0 errors, 0 left on base; Wizarding 0 - New Amsterdam 0 |
BOTTOM OF THE 5TH |
New Amsterdam Dutchmen batting - Pitching for Wizarding Express : RHP Juan Contreras
|
Batting: RHB Mario Rivera
|
0-0: Called Strike 0-1: Foul Ball, location: 2F 0-2: SINGLE (Groundball, 6MD)
|
Batting: RHB David Pérez
|
0-0: Bunted foul 0-1: Sac Bunt - play at first, batter OUT! 1-4 Mario Rivera to second
|
Batting: RHB Jon Osterman
|
0-0: Called Strike 0-1: Ball 1-1: Ball 2-1: Foul Ball, location: 2F 2-2: Foul Ball, location: 2F 2-2: Fly out, F6 (Line Drive, 6M)
|
Batting: RHB John Burton
|
0-0: Ball 1-0: Foul Ball, location: 2F 1-1: Ball 2-1: Swinging Strike 2-2: Foul Ball, location: 2F 2-2: Ball 3-2: Strikes out swinging
|
Bottom of the 5th over - 0 runs, 1 hit, 0 errors, 1 left on base; Wizarding 0 - New Amsterdam 0 |
TOP OF THE 6TH |
Wizarding Express batting - Pitching for New Amsterdam Dutchmen : LHP Walt Coffman
|
Batting: LHB José Corona
|
0-0: Foul Ball, location: 2F 0-1: Swinging Strike 0-2: Foul Ball, location: 2F 0-2: Strikes out swinging
|
Batting: RHB Ralph Cranford
|
0-0: Ball 1-0: Called Strike 1-1: Called Strike 1-2: Strikes out swinging
|
Batting: RHB Ernesto Souza
|
0-0: Ball 1-0: Foul Ball, location: 2F 1-1: Foul Ball, location: 2F 1-2: Ground out 6-3 (Groundball, 6M)
|
Top of the 6th over - 0 runs, 0 hits, 0 errors, 0 left on base; Wizarding 0 - New Amsterdam 0 |
BOTTOM OF THE 6TH |
New Amsterdam Dutchmen batting - Pitching for Wizarding Express : RHP Juan Contreras
|
Batting: LHB SaQwan Hackett
|
0-0: Called Strike 0-1: Ball 1-1: Ball 2-1: Called Strike 2-2: Strikes out swinging
|
Batting: LHB Félix López
|
0-0: Called Strike 0-1: Foul Ball, location: 2F 0-2: Ball 1-2: Strikes out swinging
|
Batting: LHB Jorge Vargas
|
0-0: Called Strike 0-1: Called Strike 0-2: Foul Ball, location: 2F 0-2: Ball 1-2: Ball 2-2: Fly out, F4 (Popup, 4M)
|
Bottom of the 6th over - 0 runs, 0 hits, 0 errors, 0 left on base; Wizarding 0 - New Amsterdam 0 |
TOP OF THE 7TH |
Wizarding Express batting - Pitching for New Amsterdam Dutchmen : LHP Walt Coffman
|
Batting: LHB Nathan Tanner
|
0-0: SINGLE (Line Drive, 6D)
|
Batting: SHB Salvador Trevino
|
0-0: Hit by Pitch Nathan Tanner to second
|
Batting: LHB António Boccanegra
|
0-0: Ball 1-0: Foul Ball, location: 2F 1-1: Ground out 6-3 (Groundball, 6S) Nathan Tanner to third Salvador Trevino to second
|
Batting: LHB David Breitling
|
0-0: Ball 1-0: Called Strike 1-1: Foul Ball, location: 2F 1-2: Strikes out swinging
|
Batting: RHB António Martínez
|
0-0: Ball 1-0: Called Strike 1-1: Foul Ball, location: 2F 1-2: Ball 2-2: Ball 3-2: Foul Ball, location: 2F 3-2: SINGLE (Line Drive, 6MD) Nathan Tanner scores Salvador Trevino to third Salvador Trevino scores
|
Pitching: RHP Carlos Rosales
|
|
Batting: RHB Frank Grimes
|
0-0: Ball 1-0: Ball 2-0: Called Strike 2-1: Ball 3-1: Called Strike 3-2: Ground out 5-3 (Groundball, 5)
|
Top of the 7th over - 2 runs, 2 hits, 0 errors, 1 left on base; Wizarding 2 - New Amsterdam 0 |
BOTTOM OF THE 7TH |
New Amsterdam Dutchmen batting - Pitching for Wizarding Express : RHP Juan Contreras
|
Batting: RHB Hank Wilder
|
0-0: Ball 1-0: Called Strike 1-1: Ball 2-1: Foul Ball, location: 2F 2-2: Foul Ball, location: 2F 2-2: Ball 3-2: SOLO HOME RUN (Flyball, 7LD), Distance : 368 ft
|
Pitching: LHP Eijiro Takahashi
|
|
Batting: LHB Cornelius Taitt
|
0-0: Called Strike 0-1: Foul Ball, location: 2F 0-2: Ball 1-2: Ball 2-2: Foul Ball, location: 2F 2-2: SINGLE (Groundball, 4MD)
|
Batting: RHB Mario Rivera
|
0-0: Sac Bunt - play at first, batter OUT! 1-4 Cornelius Taitt to second
|
Batting: RHB David Pérez
|
0-0: Ball 1-0: Ball 2-0: Ball 3-0: Called Strike 3-1: Base on Balls
|
Batting: RHB Jon Osterman
|
0-0: Foul Ball, location: 2F 0-1: Ball 1-1: Swinging Strike 1-2: Ball 2-2: Strikes out swinging
|
Batting: RHB John Burton
|
0-0: Foul Ball, location: 2F 0-1: Ground out 4-3 (Groundball, 4)
|
Bottom of the 7th over - 1 run, 2 hits, 0 errors, 2 left on base; Wizarding 2 - New Amsterdam 1 |
TOP OF THE 8TH |
Wizarding Express batting - Pitching for New Amsterdam Dutchmen : RHP Carlos Rosales
|
Batting: LHB José Corona
|
0-0: Ball 1-0: Foul Ball, location: 2F 1-1: Called Strike 1-2: Ball 2-2: Ball 3-2: Ground out 5-3 (Groundball, 5S)
|
Batting: RHB Ralph Cranford
|
0-0: Called Strike 0-1: SINGLE (Line Drive, 7S)
|
Batting: RHB Ernesto Souza
|
0-0: Called Strike Throwing error on steal attempt, E2 Ralph Cranford to third 0-1: Called Strike 0-2: Strikes out looking
|
Batting: LHB Nathan Tanner
|
0-0: Ball 1-0: Ball 2-0: Swinging Strike 2-1: Ball 3-1: Base on Balls
|
Batting: SHB Salvador Trevino
|
0-0: Called Strike 0-1: Ball 1-1: Ball 2-1: Ball 3-1: Called Strike 3-2: SINGLE (Groundball, 6D) Ralph Cranford scores Nathan Tanner to second Nathan Tanner to third
|
Batting: LHB António Boccanegra
|
0-0: Called Strike 0-1: Fly out, F9 (Flyball, 9LDF)
|
Top of the 8th over - 1 run, 2 hits, 1 error, 2 left on base; Wizarding 3 - New Amsterdam 1 |
BOTTOM OF THE 8TH |
New Amsterdam Dutchmen batting - Pitching for Wizarding Express : LHP Eijiro Takahashi
|
Batting: LHB SaQwan Hackett
|
0-0: Ground out 6-3 (Groundball, 6M)
|
Batting: LHB Félix López
|
0-0: Fly out, F7 (Flyball, 78D)
|
Batting: LHB Jorge Vargas
|
0-0: Called Strike 0-1: Ball 1-1: Foul Ball, location: 2F 1-2: Strikes out swinging
|
Bottom of the 8th over - 0 runs, 0 hits, 0 errors, 0 left on base; Wizarding 3 - New Amsterdam 1 |
TOP OF THE 9TH |
Wizarding Express batting - Pitching for New Amsterdam Dutchmen : RHP Carlos Rosales
|
Pitching: LHP Andrés Quezada
|
|
Batting: LHB David Breitling
|
0-0: Ball 1-0: Called Strike 1-1: Called Strike 1-2: Fly out, F7 (Flyball, 7S)
|
Batting: RHB António Martínez
|
0-0: Called Strike 0-1: Ball 1-1: Ball 2-1: Called Strike 2-2: Foul Ball, location: 2F 2-2: SINGLE (Line Drive, 6)
|
Batting: RHB Frank Grimes
|
0-0: Called Strike 0-1: Foul Ball, location: 2F 0-2: Ball 1-2: Strikes out looking António Martínez steals 2nd base Batter strikes out.
|
Batting: LHB José Corona
|
0-0: Called Strike 0-1: Ball 1-1: Ball 2-1: Foul Ball, location: 2F 2-2: Ball 3-2: Base on Balls
|
Batting: RHB Ralph Cranford
|
0-0: DOUBLE (Flyball, 78D) António Martínez scores José Corona to third Runner from 3rd tries for Home, SAFE, no throw
|
Batting: RHB Ernesto Souza
|
0-0: Ball 1-0: Ground out 6-3 (Groundball, 6)
|
Top of the 9th over - 2 runs, 2 hits, 0 errors, 1 left on base; Wizarding 5 - New Amsterdam 1 |
BOTTOM OF THE 9TH |
New Amsterdam Dutchmen batting - Pitching for Wizarding Express : LHP Eijiro Takahashi
|
Batting: RHB Hank Wilder
|
0-0: Swinging Strike 0-1: Called Strike 0-2: Strikes out looking
|
Batting: LHB Cornelius Taitt
|
0-0: Called Strike 0-1: Called Strike 0-2: Foul Ball, location: 2F 0-2: Foul Ball, location: 2F 0-2: Ball 1-2: Ball 2-2: Strikes out swinging
|
Batting: RHB Mario Rivera
|
0-0: Called Strike 0-1: Ground out 5-3 (Groundball, 56)
|
Bottom of the 9th over - 0 runs, 0 hits, 0 errors, 0 left on base; Wizarding 5 - New Amsterdam 1 |
|